 Dungeon Crawl Stone Soup version 0.20-a0-492-g6327889 (webtiles) character file.

6749 pichaelthompson the Protected (level 10, 0/79 HPs)
             Began as a Demonspawn Berserker on Jan 16, 2017.
             Was a High Priest of Trog.
             Slain by an orc warrior
             ... wielding a +0 halberd
              (3 damage)
             ... on level 9 of the Dungeon.
             The game lasted 00:46:01 (8080 turns).

pichaelthompson the Protected (DsBe)                Turns: 8080, Time: 00:46:02

Health: 0/79       AC: 19    Str: 18    XL:     10   Next: 75%
Magic:  10/10      EV:  8    Int:  9    God:    Trog [*****.]
Gold:   215        SH:  4    Dex: 15    Spells: 9/9 levels left

rFire    + + .     SeeInvis .   J - +7 falchion of Drought {slice, rPois}
rCold    x . .     Gourm    .   C - +1 plate armour {rF+}
rNeg     . . .     Faith    .   (no shield)
rPois    +         Spirit   .   j - +2 hat
rElec    .         Reflect  .   (no cloak)
rCorr    .         Harm     .   g - +1 pair of gloves
MR       .....                  (no boots)
Stlth    ..........             (no amulet)
Regen    0.2/turn               r - ring of fire
                                e - ring of flight

@: exhausted, slowed, very slow
A: claws 1, large bone plates 1, demonic guardian 1, spiny 2
a: Berserk, Trog's Hand, Brothers in Arms, Burn Spellbooks, Renounce Religion,
Evoke Flight


You were on level 9 of the Dungeon.
You worshipped Trog.
Trog was extremely pleased with you.
You were hungry.

You visited 1 branch of the dungeon, and saw 9 of its levels.

You collected 396 gold pieces.
You spent 181 gold pieces at shops.

Inventory:

Hand Weapons
 f - a +0 flail of protection
 q - the +3 hand axe of Toiqits {antimagic, +Blink rElec MR++ Int-5}
   (You found it on level 6 of the Dungeon)

   It reduces the magical energy of the wielder, and disrupts the spells and
   magical abilities of those hit.
   Natural abilities and divine invocations are not affected.
   It affects your intelligence (-5).
   It insulates you from electricity.
   It affects your resistance to hostile enchantments.
   It lets you blink.
 J - the +7 falchion of Drought (weapon) {slice, rPois}
   (You found it on level 7 of the Dungeon)

   It inflicts extra damage upon your enemies.
   It protects you from poison.
Armour
 g - a +1 pair of gloves (worn)
 j - a +2 hat (worn)
 v - the +1 chain mail "Zusmin" {rElec rF++ Str+4 Int-4}
   (You found it on level 5 of the Dungeon)

   It affects your strength (+4).
   It affects your intelligence (-4).
   It greatly protects you from fire.
   It insulates you from electricity.
 C - a +1 plate armour of fire resistance (worn)
Jewellery
 e - a ring of flight (left hand)
 r - a ring of fire (right hand)
Wands
 u - a wand of paralysis (21/24)
Scrolls
 b - 2 scrolls of teleportation
 l - 3 scrolls of fear {unknown}
 A - a scroll of recharging {unknown}
 B - a scroll of vulnerability {unknown}
 D - a scroll of magic mapping {unknown}
 E - 4 scrolls of identify
 G - a scroll of amnesia {unknown}
 H - a scroll of remove curse
 I - a scroll of fog {unknown}
Potions
 a - 2 potions of lignification {unknown}
 d - a potion of agility
 h - a potion of resistance
 i - 2 potions of flight
 k - a potion of berserk rage
 n - 5 potions of curing {unknown}
 p - 2 potions of heal wounds
 s - a potion of invisibility {unknown}
 w - 2 potions of might {unknown}
 z - a potion of beneficial mutation {unknown}
Books
 x - a book of Cantrips

   Spells                             Type                      Level
   a - Confusing Touch                Hexes                        1
   b - Animate Skeleton               Necromancy                   1
   c - Summon Small Mammal            Summoning                    1
   d - Apportation                    Translocation                1
   Trog disapproves of the use of such an item.
 y - a book of Misfortune

   Spells                             Type                      Level
   a - Confusing Touch                Hexes                        1
   b - Confuse                        Hexes                        3
   c - Gell's Gravitas                Hexes/Translocation          3
   d - Petrify                        Transmutation/Earth          4
   e - Metabolic Englaciation         Hexes/Ice                    5
   f - Yara's Violent Unravelling     Hexes/Transmutation          5
   Trog disapproves of the use of such an item.
 F - a book of Cantrips

   Spells                             Type                      Level
   a - Confusing Touch                Hexes                        1
   b - Animate Skeleton               Necromancy                   1
   c - Summon Small Mammal            Summoning                    1
   d - Apportation                    Translocation                1
   Trog disapproves of the use of such an item.
Comestibles
 c - 7 bread rations
 m - 3 meat rations


   Skills:
 + Level 7.3 Fighting
   Level 3.4(5.0) Short Blades
 + Level 5.6(6.1) Long Blades
 + Level 6.1(6.9) Axes
 + Level 2.4(4.6) Maces & Flails
   Level 3.9(5.5) Polearms
 + Level 8.5 Armour
 + Level 4.6 Dodging
 + Level 1.3 Stealth


You had 9 spell levels left.
You didn't know any spells.

Dungeon Overview and Level Annotations

Branches:
Dungeon (9/15)             Temple (0/1) D:7
   Lair: D:8-11         Orc: D:9-12

Altars:
Fedhas
Nemelex Xobeh

Shops:
D:4 =   D:6 (?


Innate Abilities, Weirdness & Mutations

You have sharp fingernails.
You are partially covered in large bone plates. (SH +4)
A weak demonic guardian rushes to your aid.
You are mostly covered in sharp spines.


Message History

Things that are here:
a mace; a scale mail You hit the orc warrior.
The orc warrior is lightly wounded.
Your iron imp disappears in a puff of smoke!
The orc warrior hits you with a halberd.
* * * LOW HITPOINT WARNING * * *
You closely miss the orc warrior.
The orc warrior is lightly wounded.
The orc warrior hits you with a halberd.
* * * LOW HITPOINT WARNING * * *
You hit the orc warrior.
The orc warrior is moderately wounded.
The orc warrior hits you but does no damage.
You slash the orc warrior!
The orc warrior is almost dead.
The orc warrior barely misses you.
The orc warrior is struck by your spines.
The orc warrior hits you with a halberd.
You die...

#...........<..........
#.........######.......
#.........# ##.####
#.........# .#
########.## # #^.#
##.####### #))......
#@)###### #o.# ...#
#...# #...# #...# #....
#....


You could see an orc warrior.

Vanquished Creatures
  Gastronok (D:8)
  The ghost of Kattz the Markscentaur, a novice CeHu of Trog (D:9)
  A skeletal warrior (D:9)
  2 hippogriffs
  The ghost of GlassEater the Covert, an amateur OpAs (D:3)
  A shadow (D:9)
  A water moccasin (D:7)
  2 ice beasts
  An orc warrior (D:6)
  2 sky beasts
  5 ogres
  2 centaurs
  A crocodile (D:8)
  5 bullfrogs
  3 scorpions
  A water moccasin skeleton (D:9)
  6 killer bees
  4 wights (D:8)
  2 howler monkeys (D:4)
  2 crimson imps
  2 quasits (D:8)
  A bullfrog zombie (D:7)
  2 hounds
  4 orc priests
  A jelly (D:7)
  6 orc wizards
  A gnoll shaman (D:5)
  5 worker ants
  A killer bee zombie (D:7)
  A hound skeleton (D:6)
  A howler monkey zombie (D:8)
  A worker ant zombie (D:5)
  16 gnolls
  10 adders
  A shadow imp (D:8)
  An ooze (D:4)
  An adder skeleton (D:8)
  5 worms
  2 leopard geckos
  29 orcs
  8 bats
  8 giant cockroaches
  4 hobgoblins
  11 jackals
  7 kobolds
  5 quokkas
  3 ball pythons
  6 frilled lizards
  9 goblins
  A leopard gecko skeleton (D:4)
  11 rats
208 creatures vanquished.

Vanquished Creatures (collateral kills)
  An ogre (D:6)
  A centaur (D:8)
  A scorpion (D:5)
  An iguana (D:7)
  3 orc wizards
  4 gnolls
  4 orcs
  A rat (D:3)
16 creatures vanquished.

Grand Total: 224 creatures vanquished

Notes
Turn   | Place    | Note
-------+----------+-------------------------------------------
     0 | D:1      | pichaelthompson the Demonspawn Berserker began the quest for the Orb.
     0 | D:1      | Reached XP level 1. HP: 18/18 MP: 1/1
     6 | D:1      | Noticed a swamp drake
     6 | D:1      | Noticed an iguana
     6 | D:1      | Noticed a swamp worm
     7 | D:1      | Noticed a water moccasin
     7 | D:1      | Noticed a polar bear
   186 | D:1      | Gained mutation: You are partially covered in sharp spines. [demonic ancestry]
   186 | D:1      | Reached XP level 2. HP: 20/24 MP: 2/2
   386 | D:1      | Reached skill level 2 in Armour
   509 | D:1      | Reached ** piety under Trog
   907 | D:2      | Gained mutation: A weak demonic guardian rushes to your aid. [demonic ancestry]
   907 | D:2      | Reached XP level 3. HP: 29/29 MP: 3/3
   975 | D:2      | Reached XP level 4. HP: 29/36 MP: 4/4
  1659 | D:3      | Found a sparkling altar of Nemelex Xobeh.
  1736 | D:3      | Noticed GlassEater's ghost (amateur OpAs)
  2008 | D:3      | Gained mutation: You are partially covered in large bone plates. (SH +4) [demonic ancestry]
  2008 | D:3      | Reached XP level 5. HP: 35/42 MP: 5/5
  2429 | D:3      | Killed GlassEater's ghost
  2429 | D:3      | Reached skill level 1 in Maces & Flails
  2429 | D:3      | Reached skill level 3 in Armour
  2429 | D:3      | Reached XP level 6. HP: 48/48 MP: 6/6
  2831 | D:4      | Reached *** piety under Trog
  2885 | D:4      | Found Gupuekh's Jewellery Boutique.
  3114 | D:4      | Reached skill level 1 in Short Blades
  3116 | D:4      | Reached XP level 7. HP: 55/55 MP: 7/7
  3570 | D:5      | Entered Level 5 of the Dungeon
  3687 | D:5      | Reached skill level 4 in Armour
  3696 | D:5      | Got a shimmering chain mail
  3707 | D:5      | Identified the cursed +1 chain mail "Zusmin" {rElec rF++ Str+4 Int-4} (You found it on level 5 of the Dungeon)
  4650 | D:6      | Found a blossoming altar of Fedhas.
  4657 | D:6      | Found Zadghecw's Magic Scroll Emporium.
  4683 | D:6      | Bought a scroll of identify for 22 gold pieces
  4683 | D:6      | Bought a scroll of identify for 22 gold pieces
  4683 | D:6      | Bought a scroll of enchant weapon for 82 gold pieces
  4683 | D:6      | Bought a scroll of remove curse for 33 gold pieces
  4683 | D:6      | Bought a scroll of identify for 22 gold pieces
  4778 | D:6      | Got a polished hand axe
  4779 | D:6      | Lost intelligence.
  4779 | D:6      | Identified the cursed +3 hand axe of Toiqits {antimagic, +Blink rElec MR++ Int-5} (You found it on level 6 of the Dungeon)
  4900 | D:6      | Reached **** piety under Trog
  4900 | D:6      | Reached XP level 8. HP: 51/61 MP: 2/8
  4902 | D:6      | Reached skill level 5 in Fighting
  4925 | D:6      | Found Orghitooh's Antique Weapon Boutique.
  4961 | D:6      | Reached skill level 5 in Armour
  5133 | D:6      | Reached skill level 1 in Axes
  5546 | D:7      | Found a staircase to the Ecumenical Temple.
  5673 | D:7      | Reached skill level 1 in Stealth
  5971 | D:7      | Reached skill level 6 in Armour
  5971 | D:7      | Gained mutation: You are mostly covered in sharp spines. [demonic ancestry]
  5971 | D:7      | Reached XP level 9. HP: 69/69 MP: 3/9
  6448 | D:7      | Got a shimmering falchion
  6449 | D:7      | Identified the +7 falchion of Drought {slice, rPois} (You found it on level 7 of the Dungeon)
  7077 | D:8      | Reached skill level 5 in Axes
  7452 | D:8      | Reached skill level 1 in Long Blades
  7453 | D:8      | Noticed Gastronok
  7511 | D:8      | Killed Gastronok
  7511 | D:8      | Reached skill level 7 in Armour
  7511 | D:8      | Gained mutation: You have sharp fingernails. [demonic ancestry]
  7511 | D:8      | Reached XP level 10. HP: 60/77 MP: 10/10
  7549 | D:8      | Reached ***** piety under Trog
  7978 | D:9      | Noticed Kattz's ghost (novice CeHu)
  7987 | D:9      | Killed Kattz's ghost
  7987 | D:9      | Reached skill level 8 in Armour
  8049 | D:9      | Noticed a skeletal warrior
  8068 | D:9      | Killed a skeletal warrior
  8068 | D:9      | Reached skill level 5 in Long Blades
  8078 | D:9      | HP: 3/79 [orc warrior/halberd (6)]
  8080 | D:9      | Slain by an orc warrior

Vault maps used:
D:1:      onia_arrival_zoo_common, minivault_24
D:2:      serial_glass, glass_columns_a, glass_columns_a, due_unseen_surprise
D:3:      first_bread, nemelex_diamond_rough_becter
D:4:      serial_shops, shop, portal_sewer_entry_e, minmay_misc_feat_iff
D:6:      serial_shops, shop, shop, fedhas_altar_2
D:8:      uniq_gastronok
D:9:      minmay_cut_squares, serial_shops, shop, nicolae_shop_trees,
          uniq_maurice

Skill      XL: |  1  2  3  4  5  6  7  8  9 10 |
---------------+-------------------------------+-----
Polearms       | 3 |  3.9
Armour         | 2 3 4 6 7 8 |  8.5
Dodging        | 2 3 4 |  4.6
Fighting       | 4 5 6 7 |  7.3
Maces & Flails | 1 2 |  2.4
Short Blades   | 1 2 3 |  3.4
Axes           | 3 6 |  6.1
Stealth        | 1 |  1.3
Long Blades    | 3 5 |  5.6

Action                   |  1- 3 |  4- 6 |  7- 9 | 10-12 || total
-------------------------+-------+-------+-------+-------++-------
Melee: Spear             |    95 |     5 |       |       ||   100
       Flail             |       |    31 |       |       ||    31
       Dagger            |       |   118 |   192 |       ||   310
       Hand axe          |       |       |   112 |       ||   112
       Falchion          |       |       |    78 |    55 ||   133
Invok: Berserk           |     1 |     4 |     6 |     2 ||    13
       Trog's Hand       |       |     1 |     1 |       ||     2
  Use: Scroll            |       |     2 |    10 |       ||    12
 Stab: Distracted        |       |       |     1 |     1 ||     2
  Eat: Chunk             |       |    10 |    17 |     1 ||    28
       Beef jerky        |       |     1 |     1 |       ||     2
       Royal jelly       |       |       |     1 |     1 ||     2
       Pizza             |       |       |     1 |       ||     1
Armor: Ring mail         |    41 |    48 |    27 |       ||   116
       Animal skin       |     1 |       |       |       ||     1
       Chain mail        |       |       |    62 |       ||    62
       Plate armour      |       |       |   102 |    30 ||   132
Dodge: Dodged            |    78 |    73 |   139 |    21 ||   311
Block: Other             |       |    18 |    86 |    12 ||   116
       Rpst.: Falchion   |       |       |     3 |     8 ||    11
